 Dungeon Crawl Stone Soup version 0.15.2 (webtiles) character file.

574 Huymann the Ducker (level 7, -4/61 HPs)
             Began as a Purple Draconian Berserker on Feb 20, 2019.
             Was an Elder of Trog.
             Slain by an iguana (13 damage)
             ... on Level 4 of the Dungeon.
             The game lasted 00:20:42 (3014 turns).

Huymann the Ducker (Purple Draconian Berserker)     Turns: 3014, Time: 00:20:42

HP  -4/61        AC  6     Str 19      XL: 7   Next: 12%
MP   7/7         EV 14     Int  8      God: Trog [****..]
Gold 153         SH  0     Dex 12      Spells:  0 memorised,  6 levels left

rFire  . . .     SeeInvis .     a - +0 spear
rCold  . . .     Clarity  .     (armour unavailable)
rNeg   . . .     rCorr    .     (no shield)
rPois  .         rRot     .     (helmet restricted)
rElec  .         Spirit   .     (no cloak)
SustAb .         Warding  .     (no gloves)
rMut   .         Stasis   .     (no boots)
Gourm  .                        (no amulet)
MR     +....                    (no ring)
                                (no ring)

@: somewhat resistant to hostile enchantments, unstealthy
A: breathe power, unfitting armour, cold-blooded, AC +6
a: Breathe Dispelling Energy, Burn Spellbooks, Berserk, Trog's Hand, Brothers in
Arms, Renounce Religion


You were on level 4 of the Dungeon.
You worshipped Trog.
Trog was greatly pleased with you.
You were hungry.

You visited 1 branch of the dungeon, and saw 4 of its levels.

You collected 153 gold pieces.

Inventory:

Hand weapons
 a - a +0 spear (weapon)
 l - a +1 vampiric spear
Missiles
 b - 49 poisoned needles
 t - 4 curare-tipped needles
Comestibles
 c - 4 bread rations
 k - 2 meat rations
 m - 2 slices of pizza
 s - a beef jerky
Scrolls
 e - a scroll of recharging {unknown}
 n - a scroll of amnesia {unknown}
 p - a scroll of blinking
 q - a scroll of remove curse
Jewellery
 r - a +1 ring of evasion {unknown}
Potions
 d - a potion of invisibility
 f - a potion of heal wounds {unknown}
 g - a potion of agility {unknown}
 h - a potion of curing {unknown}
 i - a potion of flight
 j - a potion of might {unknown}


   Skills:
 * Level 5.2 Fighting
 + Level 4.0 Polearms
 * Level 5.7 Dodging
 * Level 2.0 Stealth


You had 6 spell levels left.
You didn't know any spells.

Dungeon Overview and Level Annotations

Branches:
Dungeon (4/15)
 Temple: D:4-7

Altars:
Cheibriados
Dithmenos
Fedhas
Vehumet


Innate Abilities, Weirdness & Mutations

You can breathe bolts of energy.
You can dispel enchantments when you breathe energy.
Your rich purple scales are hard (AC +6).
Your body does not fit into most forms of armour.
Your cold-blooded metabolism reacts poorly to cold.


Message History

The iguana is moderately wounded.
The iguana bites you!
* * * LOW HITPOINT WARNING * * *
You barely miss the iguana.
Your tail-slap misses the iguana.
The iguana is moderately wounded.
The iguana misses you.
You hit the iguana but do no damage.
The iguana is moderately wounded.
The iguana barely misses you.
You barely miss the iguana. You tail-slap the iguana.
The iguana is severely wounded.
The iguana bites you but does no damage.
You hit the iguana but do no damage.
The iguana is severely wounded.
The iguana closely misses you.
You hit the iguana but do no damage.
You tail-slap the iguana, but do no damage.
The iguana is severely wounded.
The iguana bites you!
You die...

...#.# ... #..#.# ... #..#.# ..#
#..#)# ... #..#)# #.# #..#.# #.#
### ####'### ######.# .#.#
.......# #.....l###...#.#
....>..# #..<..@'.....#.#
.......####......####..#.#
.................# #.#
.................#######.#
######........#..........###.
.....'........#.####.........####
######........#.# #.........#...
#.........#.# #.........#...
#.......###.# #.........#...


You could see an iguana.

Vanquished Creatures
  A phantom (D:4)
  A centaur (D:3)
  A scorpion (D:4)
  2 orc wizards (D:3)
  A hound (D:4)
  An iguana (D:4)
  3 gnolls (D:4)
  9 adders
  A giant mite (D:3)
  6 worms
  3 giant geckos
  An ooze (D:1)
  9 orcs
  6 bats
  6 giant cockroaches
  11 hobgoblins
  4 giant newts
  9 goblins
  8 jackals
  11 kobolds
  A kobold skeleton (D:4)
  9 rats
104 creatures vanquished.

Notes
Turn   | Place    | Note
--------------------------------------------------------------
     0 | D:1      | Huymann, the Draconian Berserker, began the quest for the Orb.
     0 | D:1      | Reached XP level 1. HP: 19/19 MP: 1/1
   164 | D:1      | Reached XP level 2. HP: 15/26 MP: 2/2
   349 | D:1      | Acquired Trog's second power
   615 | D:1      | Reached XP level 3. HP: 33/33 MP: 3/3
   702 | D:2      | Reached skill level 4 in Fighting
   820 | D:2      | Reached XP level 4. HP: 32/40 MP: 4/4
  1133 | D:2      | Found a blossoming altar of Fedhas.
  1324 | D:3      | Reached XP level 5. HP: 35/47 MP: 5/5
  1574 | D:3      | Found a snail-covered altar of Cheibriados.
  1583 | D:3      | Found a radiant altar of Vehumet.
  1591 | D:3      | Found a shadowy altar of Dithmenos.
  1639 | D:3      | Noticed a centaur
  1649 | D:3      | Killed a centaur
  1702 | D:3      | Reached skill level 1 in Stealth
  1760 | D:3      | Reached XP level 6. HP: 15/53 MP: 6/6
  2010 | D:3      | HP: 2/53 [worm (9)]
  2184 | D:3      | Reached skill level 5 in Dodging
  2447 | D:3      | Acquired Trog's third power
  2492 | D:4      | Reached skill level 5 in Fighting
  2918 | D:4      | Your scales start taking on a rich purple colour.
  2918 | D:4      | Reached XP level 7. HP: 11/61 MP: 7/7
  3014 | D:4      | Slain by an iguana

Action                   |  1- 3 |  4- 6 |  7- 9 || total
-------------------------+-------+-------+-------++-------
Melee: Spear             |   140 |   333 |    13 ||   486
Invok: Berserk           |     2 |     8 |       ||    10
       Trog's Hand       |       |     1 |       ||     1
  Use: Scroll            |       |     4 |       ||     4
       Potion            |       |     2 |       ||     2
  Eat: Chunk             |     2 |    15 |       ||    17
